 Dungeon Crawl Stone Soup version 0.19.5 (webtiles) character file.

333 Gargoyl the Skirmisher (level 6, -3/52 HPs)
             Began as a Ghoul Abyssal Knight on Mar 13, 2017.
             Was a Believer of Lugonu.
             Killed by divine providence
             ... invoked by an orc priest
              (16 damage)
             ... on level 5 of the Dungeon.
             The game lasted 00:06:15 (2696 turns).

Gargoyl the Skirmisher (Ghoul Abyssal Knight)       Turns: 2696, Time: 00:06:16

Health: -3/52      AC:  9    Str: 16    XL:     6   Next: 52%
Magic:  7/7        EV:  7    Int:  7    God:    Lugonu [**....]
Gold:   85         SH:  0    Dex: 10    Spells: 0 memorised, 5 levels left

rFire  . . .     SeeInvis .     p - +2 flail (crush)
rCold  + + .     Gourm    .     l - +0 chain mail
rNeg   + + +     Faith    .     (no shield)
rPois  ∞         Spirit   .     (no helmet)
rElec  .         Reflect  .     (no cloak)
rCorr  .         Harm     .     (no gloves)
MR     .....                    (no boots)
Stlth  ..........               h - amulet of regeneration
                                (no ring)
                                i - ring of protection from cold

@: rotting
A: rotting body, claws 1, carnivore 3, cold resistance 1, negative energy
resistance 3, slow regeneration 1, torment resistance, unbreathing
a: Depart the Abyss, Bend Space, Renounce Religion


You were on level 5 of the Dungeon.
You worshipped Lugonu.
Lugonu was pleased with you.
You were not hungry.

You visited 1 branch of the dungeon, and saw 5 of its levels.
You visited the Abyss 1 time.

You collected 85 gold pieces.

Inventory:

Hand Weapons
 a - a +2 hand axe
 p - a +2 flail of crushing (weapon)
Armour
 l - a +0 chain mail (worn)
Jewellery
 h - an amulet of regeneration (around neck)
 i - a ring of protection from cold (left claw)
Scrolls
 g - a scroll of immolation {unknown}
 m - a scroll of recharging {unknown}
 o - 4 scrolls of remove curse {unknown}
Potions
 d - a potion of magic
 e - 2 potions of cancellation
Comestibles
 b - 3 chunks of flesh
 c - a meat ration


   Skills:
 + Level 4.2 Fighting
 + Level 3.3(3.6) Axes
 + Level 1.6(2.7) Maces & Flails
 * Level 3.5 Armour
 + Level 1.4 Dodging
 * Level 3.0 Invocations


You had 5 spell levels left.
You didn't know any spells.

Dungeon Overview and Level Annotations

Branches:
Dungeon (5/15)
 Temple: D:4-7

Altars:

Annotations:
D:4 Sigrun's ghost, novice DsGl


Innate Abilities, Weirdness & Mutations

Your body is rotting away.
You thrive on raw meat.
You are immune to poison.
You have sharp fingernails.
You are carnivorous and can eat meat at any time.
Your flesh is cold resistant. (rC+)
You are immune to negative energy. (rN+++)
You regenerate slowly when monsters are visible.
You are immune to unholy pain and torment.
You can survive without breathing.


Message History

The centaur hits you but does no damage.
The centaur wields a shortbow.
The centaur shoots an arrow.
The arrow hits you.
You see here an arrow.
The centaur shoots an arrow.
The arrow hits you.
* * * LOW HITPOINT WARNING * * *
The centaur shoots an arrow.
The arrow hits you but does no damage.
You see here an arrow.
Okay, then.
You closely miss the giant cockroach.
The giant cockroach bites you but does no damage. x2
Your chain mail prevents you from hitting the giant cockroach.
The giant cockroach bites you but does no damage.
You barely miss the giant cockroach. The giant cockroach closely misses you.
The giant cockroach bites you but does no damage.
You hit the giant cockroach.
The giant cockroach is severely wounded.
The giant cockroach bites you but does no damage.
The orc priest invokes the aid of Beogh against you.
Beogh smites you!
You die...

## ####. #....#
#...## .. #.@#
#.# # ##s# #..#
#.##c##
#..##...Z.#
#$..###o.######
###....(.......
####...........
#.=..<#...##...
....##.....##
##


You could see a centaur, an orc priest, a giant cockroach and an adder skeleton.

Vanquished Creatures
  The ghost of magipi the Slasher, an amateur DEBe of Trog (D:3)
  Ijyb (D:3)
  Jessica (D:2)
  An iguana (D:4)
  A hound skeleton (D:4)
  9 adders
  An ooze (D:2)
  An adder zombie (D:3)
  4 worms
  5 dart slugs
  3 leopard geckos
  4 orcs (D:3)
  A giant cockroach (D:3)
  7 hobgoblins
  2 jackals (D:4)
  2 quokkas
  3 bats
  3 frilled lizards (D:3)
  7 goblins
  4 kobolds
  6 rats
67 creatures vanquished.

Notes
Turn   | Place    | Note
-------+----------+-------------------------------------------
     0 | Abyss:1  | Gargoyl the Ghoul Abyssal Knight began the quest for the Orb.
     0 | Abyss:1  | Reached XP level 1. HP: 19/19 MP: 1/1
   282 | Abyss:2  | Noticed a worldbinder
   289 | Abyss:2  | Noticed an orc priest
   289 | Abyss:2  | Noticed an orc priest
   289 | D:1      | Escaped the Abyss
   419 | D:1      | Reached XP level 2. HP: 23/26 MP: 2/2
   543 | D:1      | Reached * piety under Lugonu
   727 | D:2      | Reached skill level 4 in Fighting
   727 | D:2      | Reached XP level 3. HP: 31/33 MP: 3/3
   786 | D:2      | Reached XP level 4. HP: 18/40 MP: 4/4
  1033 | D:2      | Noticed Jessica
  1052 | D:2      | Killed Jessica
  1052 | D:2      | Reached skill level 1 in Dodging
  1345 | D:3      | Reached XP level 5. HP: 44/46 MP: 5/5
  1850 | D:3      | Noticed magipi's ghost (amateur DEBe)
  1882 | D:3      | Killed magipi's ghost
  1959 | D:3      | Reached ** piety under Lugonu
  2022 | D:3      | Noticed Ijyb
  2034 | D:3      | Killed Ijyb
  2034 | D:3      | Reached skill level 1 in Maces & Flails
  2034 | D:3      | Reached XP level 6. HP: 50/52 MP: 7/7
  2376 | D:4      | Noticed Sigrun's ghost (novice DsGl)
  2683 | D:5      | Entered Level 5 of the Dungeon
  2696 | D:5      | Killed from afar by an orc priest

Skill      XL: |  1  2  3  4  5  6 |
---------------+-------------------+-----
Axes           | 2 3 |  3.3
Fighting       | 4 |  4.2
Armour         | 2 3 |  3.5
Dodging        | 1 |  1.4
Maces & Flails | 1 |  1.6
Invocations    | 3 |  3.0

Action                   |  1- 3 |  4- 6 || total
-------------------------+-------+-------++-------
Melee: Hand axe          |    91 |    93 ||   184
       Flail             |       |   111 ||   111
Invok: Depart the Abyss  |     1 |       ||     1
  Use: Scroll            |     3 |     5 ||     8
       Potion            |       |     6 ||     6
  Eat: Chunk             |    11 |    23 ||    34
Armor: Leather armour    |     6 |       ||     6
       Ring mail         |    26 |    15 ||    41
       Chain mail        |       |   100 ||   100
Dodge: Dodged            |    67 |   107 ||   174
